Map: Ruins of Seras

Players

Cel

  • Race: Zerg Zerg
  • League: Master

BunnyWillis - Winner!

  • Race: Terran Terran
  • League: Grandmaster

VOD

Have the link to the VOD?

Description

Time

  • Played on: Nov. 21, 2015, 11:57 p.m.
  • Length: 6:49
Show
View Real Time Build Order
Export as new Build Order

Cel Zerg 

Build Orders: Hatch First 

Get SALT Encoding   

  12  0:00  Drone  
  13  0:13  Overlord  
  13  0:18  Drone  
  14  0:31  Drone x2  
  16  0:36  Drone  
  17  0:53  Hatchery  
  17  0:57  Drone  
  17  1:00  Drone  
  18  1:10  Extractor  
  17  1:15  Spawning Pool  
  16  1:18  Drone  
  16  1:22  Drone  
  18  1:28  Drone  
  19  1:39  Overlord  
  19  1:50  Drone  
  20  2:00  Drone  
  21  2:02  Queen  
  21  2:04  Queen  
  21  2:05  Zergling x2  
  26  2:10  Metabolic Boost  
  26  2:12  Zergling x2  
  27  2:16  Drone  
  29  2:22  Drone  
  29  2:26  Drone  
  30  2:33  Drone  
  30  2:37  Drone  
  32  2:40  Queen  
  32  2:43  Overlord  
  34  2:50  Drone  
  35  2:54  Drone  
  36  2:58  Lair  
  36  3:00  Overlord  
  36  3:08  Drone  
  36  3:10  Drone x2  
  36  3:11  Drone x2  
  41  3:15  Extractor  
  41  3:19  Queen  
  42  3:20  Drone  
  42  3:25  Drone  
  42  3:26  Drone  
  45  3:29  Drone x2  
  45  3:32  Drone  
  48  3:38  Drone x2  
  49  3:49  Drone x2  
  49  3:50  Overlord  
  49  3:51  Overlord  
  51  3:57  Spire  
  50  4:04  Hatchery  
  49  4:14  Extractor  
  49  4:15  Drone x4, Extractor  
  49  4:16  Drone  
  52  4:18  Drone  
  52  4:22  Overlord x2  
  53  4:26  Zergling x4  
  53  4:29  Zergling x4  
  57  4:34  Drone x2  
  59  4:40  Drone  
  60  4:46  Spine Crawler  
  59  4:59  Spore Crawler  
  58  5:06  Overseer  
  57  5:10  Drone, Mutalisk x5  
  57  5:11  Spore Crawler  
  67  5:18  Drone x3  
  67  5:19  Drone x2  
  72  5:24  Drone  
  72  5:27  Drone  
  74  5:31  Drone  
  74  5:34  Drone x2  
  77  5:35  Evolution Chamber  
  77  5:36  Evolution Chamber  
  77  5:37  Drone x2  
  77  5:38  Drone x2  
  77  5:41  Overlord  
  79  5:50  Drone x3  
  82  6:01  Zergling x8  
  86  6:07  Zergling x2  
  86  6:08  Overlord  
  86  6:09  Overlord x2  
  87  6:13  Mutalisk x2  
  87  6:14  Spine Crawler  
  87  6:18  Overlord  
Show
View Real Time Build Order
Export as new Build Order

BunnyWillis Terran - Winner!

Build Orders: Command Center First (CC) 

Get SALT Encoding   

  12  0:01  SCV  
  13  0:13  SCV  
  14  0:25  SCV  
  15  0:31  Supply Depot  
  15  0:53  SCV  
  16  0:59  Command Center  
  16  1:05  SCV  
  17  1:14  Barracks  
  17  1:17  SCV  
  18  1:22  Refinery  
  18  1:29  SCV  
  19  1:41  SCV  
  20  1:53  SCV  
  21  2:02  Marine  
  21  2:06  Orbital Command  
  22  2:10  Orbital Command  
  22  2:18  Bunker  
  22  2:20  Marine  
  23  2:25  Factory  
  23  2:31  SCV  
  24  2:37  SCV  
  25  2:44  SCV  
  25  2:45  Barracks Reactor  
  25  2:49  SCV  
  27  2:56  SCV  
  27  3:01  SCV  
  27  3:03  Barracks  
  28  3:06  Barracks  
  28  3:08  SCV  
  29  3:13  SCV  
  29  3:18  Supply Depot  
  29  3:19  Supply Depot  
  30  3:20  SCV  
  30  3:25  SCV  
  30  3:26  Hellion  
  30  3:27  Barracks Tech Lab, Hellion  
  34  3:33  SCV  
  37  3:37  SCV  
  38  3:45  SCV  
  38  3:46  Marine  
  38  3:47  Hellion, Stimpack  
  42  3:49  SCV, Hellion  
  42  3:52  Barracks Reactor  
  45  3:57  SCV  
  45  4:01  SCV  
  47  4:05  Barracks Reactor, Marine  
  47  4:07  Supply Depot  
  47  4:08  Supply Depot, Hellion  
  47  4:09  SCV  
  51  4:10  Hellion  
  51  4:14  SCV  
  54  4:26  Supply Depot x2  
  54  4:29  SCV x2, Marine  
  57  4:31  Hellion  
  57  4:32  Hellion  
  57  4:36  Marine x2  
  63  4:42  Armory  
  63  4:45  Marine x2  
  65  4:47  SCV x2  
  65  4:51  Marauder  
  69  4:53  Supply Depot  
  69  4:54  Marine x2  
  69  4:57  Supply Depot  
  69  4:59  SCV x2  
  73  5:03  Marine x2  
  73  5:04  Hellion x2  
  73  5:06  Refinery  
  79  5:07  Refinery  
  79  5:09  Refinery  
  79  5:12  Marauder  
  81  5:14  SCV  
  81  5:16  SCV  
  81  5:18  Supply Depot  
  83  5:26  SCV  
  83  5:27  Marine  
  83  5:28  SCV, Marine x3  
  89  5:29  Hellion  
  89  5:33  Marauder  
  89  5:34  Hellion  
  95  5:40  SCV x2  
  97  5:43  Starport  
  97  5:46  Supply Depot  
  97  5:47  Marine  
  97  5:48  Marine x3  
  101  5:55  Marauder, Widow Mine x2  
  105  5:59  SCV  
  105  6:00  SCV  
  105  6:05  Engineering Bay  
  105  6:14  Marine  
  105  6:15  Marine x3  
  105  6:16  Marine  
  112  6:22  Supply Depot  
  112  6:24  Supply Depot  
  116  6:45  Supply Depot  
Tags
 
Add a new tag
Caveats
  • Supply blocks, unpowered buildings, or Contaminate may cause inaccurate times.
  • Supply counts are checked every 10 seconds.